[Event "45th FIDE Womens Olympiad 2024"]
[Site "Budapest"]
[Date "2024.09.19"]
[Round "8.26"]
[White "Munguntuul, Batkhuyag"]
[Black "Mkrtchyan, Mariam"]
[Result "1/2-1/2"]
[ECO "C86"]
[WhiteElo "2346"]
[BlackElo "2328"]
[Annotator "TA"]
[PlyCount "148"]
[EventDate "2024.09.05"]
[EventType "team-tourn"]
[EventCountry "HUN"]
[SourceTitle "playchess.com"]
[Source "ChessBase"]
[SourceQuality "1"]
[WhiteTeam "Mongolia"]
[BlackTeam "Armenia"]
[WhiteTeamCountry "MGL"]
[BlackTeamCountry "ARM"]
[TimeControl "40/5400+30:1800+30"]

1. e4 e5 2. Nf3 Nc6 3. Bb5 a6 4. Ba4 Nf6 5. Qe2 Be7 6. c3 b5 7. Bb3 d6 8. O-O O-O 9. Rd1 Na5 10. Bc2 c5 11. d4 Qc7 12. d5 Bd7 13. b3 {[%emt 0:02:22] C86: Closed Ruy Lopez: Worrall Attack.} Nb7 14. Nbd2 Ne8 15. Nf1 g6 16. Bh6 Ng7 17. Ne3 f6 18. a4 $146 ({Predecessor:} 18. Rf1 Nd8 19. Nd2 Nf7 20. Bxg7 Kxg7 21. Bd3 Rab8 22. Kh1 Qc8 23. a4 c4 24. bxc4 bxa4 {½-½ Boruchovsky,A (2159)-Lerner,K (2530) Kefar Sava schev 2010 (3)}) 18... Rfb8 19. Bxg7 Kxg7 20. h3 Nd8 21. Ra2 Ra7 22. Rda1 Rba8 23. Ne1 Qb8 24. Nd3 Nf7 25. Kh2 Bd8 26. Nc1 Bb6 27. Qd2 Qe8 28. Ne2 Qe7 29. Ng3 Kh8 30. Bd1 Qf8 31. Bg4 Be8 32. axb5 axb5 33. Rxa7 Rxa7 34. Rxa7 Bxa7 35. Qa2 Qe7 36. Qa6 Qc7 37. Be2 Qb8 38. Nc2 Kg8 39. f3 Kf8 40. Nf1 Qb6 41. Qxb6 $1 Bxb6 42. Na3 Ba5 43. Bxb5 Bxc3 44. Ne3 Bb4 45. Bxe8 Kxe8 46. Nb5 h5 47. h4 Kd7 48. g4 Bd2 49. Nc4 Bh6 50. Kg2 Bf4 51. Kh3 Ke7 52. Nc3 Nd8 53. Ne2 Nb7 54. Kg2 Kf7 55. Kf2 Kg7 (55... Ke7 $14 56. gxh5 gxh5 57. Nxf4 exf4) 56. gxh5 $16 gxh5 57. Nxf4 exf4 58. Ke2 f5 $2 {[%emt 0:01:20][%mdl 8192] [#]} (58... Kf7 $16 59. Kd3 Ke7) 59. e5 $1 $18 ({Weaker is} 59. exf5 Kf6 $11) 59... dxe5 60. Nxe5 Na5 $2 (60... Kf6 61. Nd3 Ke7 62. Nxf4 Kd6) 61. Kd3 $18 Nxb3 62. Kc4 $2 ({White has to play} 62. d6 $18 {White threatens d7 and mate.} Kf6 63. d7) 62... Kf6 $1 $11 63. Nd3 Nd2+ 64. Kxc5 Nxf3 65. d6 Ke6 66. Nxf4+ (66. Kc6 $5 Nd4+ $8 67. Kc5 Nb3+ 68. Kc6 Nd4+ 69. Kc5 Nb3+ 70. Kb4 $11) 66... Kd7 67. Ng6 Ke6 68. Nf4+ (68. Kc6 $5 Nd4+ $8 69. Kc5 Nb3+ 70. Kc4 Na5+ 71. Kd3 $11) 68... Kd7 69. Kd5 (69. Nd3 $5 Ke6 $8 70. Nf4+ $11) 69... Nxh4 70. Nxh5 (70. Kc5 $5) 70... Ng6 71. Nf6+ Kd8 72. Kd4 Nf8 73. Ke5 Nd7+ 74. Kxf5 Nxf6 1/2-1/2

[Event "45th FIDE Womens Olympiad 2024"]
[Site "Budapest"]
[Date "2024.09.19"]
[Round "8.27"]
[White "Danielian, Elina"]
[Black "Nomin-Erdene, Davaademberel"]
[Result "1-0"]
[ECO "D37"]
[WhiteElo "2393"]
[BlackElo "2319"]
[Annotator "TA"]
[PlyCount "122"]
[EventDate "2024.09.05"]
[EventType "team-tourn"]
[EventCountry "HUN"]
[SourceTitle "playchess.com"]
[Source "ChessBase"]
[SourceQuality "1"]
[WhiteTeam "Armenia"]
[BlackTeam "Mongolia"]
[WhiteTeamCountry "ARM"]
[BlackTeamCountry "MGL"]
[TimeControl "40/5400+30:1800+30"]

1. Nf3 d5 2. d4 Nf6 3. c4 e6 4. Nc3 Nbd7 5. Qc2 dxc4 6. e4 {[%emt 0:00:05] D37: Queen's Gambit Declined: 5 Bf4.} c5 7. Bxc4 cxd4 8. Nxd4 Bc5 9. Nf3 Qc7 10. Nb5 Qb8 11. O-O a6 12. Nbd4 Bxd4 $146 ({Predecessor:} 12... O-O 13. Bxe6 Bxd4 14. Bxd7 Bxd7 15. Nxd4 Qe5 16. Be3 Rac8 17. Qd3 Qxe4 18. Qxe4 Nxe4 19. Rac1 {½-½ Lalic,B (2585)-Parker,J (2495) Drury Lane London 1997 (2)}) 13. Nxd4 Qe5 14. Nf3 Qxe4 15. Bd3 Qg4 16. b3 O-O 17. Rd1 b6 18. h3 Qh5 19. Be2 Qc5 20. Qb2 (20. Qxc5 $11 bxc5 21. Bb2) 20... Nd5 21. Bd2 Bb7 22. Rac1 Qe7 23. Rc4 ({White should try} 23. Ne5 $15) 23... Rac8 24. Rg4 f5 25. Rd4 Qf6 26. Bg5 Qg6 27. Qd2 h6 28. Be7 Rfe8 $1 29. Ba3 N7f6 (29... b5 $17) 30. Ne5 $11 Qg5 31. Qxg5 hxg5 32. Bf3 b5 33. Bc1 f4 34. g3 Rc3 35. gxf4 gxf4 (35... Rxf3 {simplifies} 36. Nxf3 Nxf4 37. Bxf4 Bxf3 38. Bxg5 Bxd1 39. Rxd1 Nd5) 36. Bxf4 Rxf3 37. Nxf3 Nxf4 38. Rxf4 Nh5 $1 39. Rd7 Nxf4 40. Rxb7 Nxh3+ 41. Kg2 Nf4+ 42. Kg3 Ne2+ 43. Kg2 Nc3 44. a3 Ra8 45. Ng5 e5 46. Ne6 a5 47. Rxg7+ Kh8 48. Rc7 Nb1 49. a4 b4 (49... bxa4 $11 50. bxa4 Nd2) 50. Rd7 $16 Nc3 (50... Re8 $1 $14 51. Nc7 Rf8) 51. Kf3 $16 Ra6 52. Nc5 $1 Rc6 {[%emt 0:00:53] [#]} 53. Ne4 $1 Kg8 54. Ke3 (54. Ra7 $18) 54... Kf8 $16 {[%emt 0:00:51] [#]} 55. f3 $1 Kg8 $2 (55... Rc8 $16) 56. Ra7 $18 Nxe4 57. Kxe4 Rc3 (57... Rc5 {was necessary.} 58. Rd7 Rc1) 58. Rxa5 $18 (58. Kxe5 Rxf3 59. Rxa5 Rxb3 $11) 58... Rxb3 59. Rb5 $2 ({Worse is} 59. Kxe5 Rxf3 60. Rb5 Ra3 $11) (59. Rxe5 $18 {a5 is the strong threat.} Ra3 60. a5) 59... Kf7 $1 $14 60. Kxe5 (60. a5 $14) 60... Rxf3 $11 61. Kd6 b3 1-0

[Event "45th FIDE Womens Olympiad 2024"]
[Site "Budapest"]
[Date "2024.09.19"]
[Round "8.27"]
[White "Hussin, Fazreena"]
[Black "Majid, Zara"]
[Result "0-1"]
[ECO "B07"]
[WhiteElo "1700"]
[BlackElo "1411"]
[PlyCount "81"]
[EventDate "2024.09.05"]
[EventType "team-tourn"]
[EventCountry "HUN"]
[WhiteTeam "Brunei Darussalam"]
[BlackTeam "Cayman Islands"]
[WhiteTeamCountry "BRN"]
[BlackTeamCountry "CAY"]
[TimeControl "40/5400+30:1800+30"]

1. e4 d6 2. d4 Nf6 3. Nc3 g6 4. f3 Bg7 5. Be3 Nbd7 6. Qd2 O-O 7. O-O-O e5 8. Nge2 Nb6 9. Kb1 Nc4 10. Qc1 Nxe3 11. Qxe3 Nd7 12. g4 Nb6 13. h4 Qe7 14. d5 f5 15. gxf5 gxf5 16. h5 h6 17. Qg1 Qg5 18. Qh2 Kh7 19. Bh3 fxe4 20. Nxe4 Qxh5 21. Bxc8 Qxh2 22. Rxh2 Raxc8 23. Rf1 Nxd5 24. Rh3 Nf4 25. Nxf4 Rxf4 26. c4 b6 27. b3 Kg8 28. Kc2 Kf7 29. Kd3 Ke6 30. Ke3 Rh8 31. Rfh1 Rhf8 32. Rf1 c6 33. Ke2 d5 34. cxd5+ cxd5 35. Nd2 Rc8 36. Rg1 Kf6 37. Rhg3 Bf8 38. Rg6+ Kf7 39. Rg8 Rc2 40. a4 Rd4 41. Rf1 {0-} 0-1

[Event "45th FIDE Womens Olympiad 2024"]
[Site "Budapest"]
[Date "2024.09.19"]
[Round "8.28"]
[White "Khuslen, Erdenebayar"]
[Black "Sargsyan, Anna M."]
[Result "0-1"]
[ECO "E48"]
[WhiteElo "2229"]
[BlackElo "2364"]
[Annotator "TA"]
[PlyCount "52"]
[EventDate "2024.09.05"]
[EventType "team-tourn"]
[EventCountry "HUN"]
[SourceTitle "playchess.com"]
[Source "ChessBase"]
[SourceQuality "1"]
[WhiteTeam "Mongolia"]
[BlackTeam "Armenia"]
[WhiteTeamCountry "MGL"]
[BlackTeamCountry "ARM"]
[TimeControl "40/5400+30:1800+30"]

1. d4 Nf6 2. c4 e6 3. Nc3 Bb4 4. e3 O-O 5. Bd3 Re8 6. Nge2 d5 7. O-O Bf8 8. Nf4 Nc6 9. a3 {[%emt 0:05:38] White has an edge.} dxc4 10. Bxc4 e5 11. dxe5 Nxe5 12. Ba2 c6 13. Qc2 Bd6 14. h3 {[%emt 0:06:47] [#]} (14. Kh1 $11) 14... g5 $1 $17 15. Nfe2 {[%emt 0:06:30] [#]} g4 $1 16. hxg4 (16. Ng3 $142) 16... Nfxg4 (16... Nexg4 17. Nf4 $15) (16... Bxg4 17. f3 Be6 18. Bxe6 fxe6 19. g3 $14) 17. g3 {[%emt 0:02:35] Repels Qh4} Nf3+ 18. Kg2 Qf6 {[%emt 0:05:45] Dancing on a razor blade. Black is much more active.} 19. Ne4 $2 (19. Nd4 $17 Ngh2 (19... Nxd4 20. exd4 Bf5 21. Qd1 $17) 20. Bb1 (20. Ne4 $2 Qh6 $19)) 19... Qh6 $19 20. Ng1 {[%emt 0:09:18] Dodges Qh3+} Nxg1 21. Rxg1 Bf5 (21... Qh2+ $142 22. Kf1 Rxe4) 22. Bxf7+ Kf8 23. Bxe8 Rxe8 (23... Qh2+ $142 24. Kf3 Rxe8 (24... Qxg1 $2 25. Bd2 $19)) 24. Kf1 Bxe4 {[%emt 0:00:11] White is weak on the light squares} 25. Qc3 Qh2 26. Qd2 {[%emt 0:00:40] [#]} Bd3+ $1 {[%emt 0:00:03][%mdl 512] Weighted Error Value: White=1.47/Black=0.50.  Loses game:     	White=1     	---        Mistake:       	White=2     	---        Inaccurate:     	White=3     	Black=1      OK:         	White=3     	Black=6      Best:        	White=1     	Black=1      Strong:       	---       	Black=2} 0-1

[Event "45th FIDE Womens Olympiad 2024"]
[Site "Budapest"]
[Date "2024.09.19"]
[Round "8.28"]
[White "Patil, Anvita Niranjan"]
[Black "Zakaria, Liyana"]
[Result "0-1"]
[ECO "B07"]
[WhiteElo "1589"]
[BlackElo "1520"]
[PlyCount "176"]
[EventDate "2024.09.05"]
[EventType "team-tourn"]
[EventCountry "HUN"]
[WhiteTeam "Cayman Islands"]
[BlackTeam "Brunei Darussalam"]
[WhiteTeamCountry "CAY"]
[BlackTeamCountry "BRN"]
[TimeControl "40/5400+30:1800+30"]

1. e4 d6 2. d4 Nf6 3. Bd3 Nbd7 4. Nf3 e5 5. O-O c6 6. c3 Qc7 7. Re1 Be7 8. Be3 h6 9. Qb3 b5 10. Nbd2 Nf8 11. Nf1 g5 12. N3d2 Ng6 13. d5 Nf4 14. Bxf4 gxf4 15. dxc6 a6 16. c4 Be6 17. Rec1 Rg8 18. Qd1 Bh3 19. g3 Bxf1 20. Bxf1 fxg3 21. hxg3 Qb6 22. Qf3 Rc8 23. cxb5 axb5 24. Qe3 Qxe3 25. fxe3 Rxg3+ 26. Kf2 Rg5 27. Bxb5 Rc7 28. a4 d5 29. a5 Bb4 30. Nf3 Nxe4+ 31. Ke2 Rg2+ 32. Kf1 Rf2+ 33. Kg1 Rxf3 34. a6 Bc5 35. Kg2 Rg3+ 36. Kf1 Bxe3 37. a7 Bxa7 38. Rxa7 Kd8 39. Ra3 Rg5 40. Ra8+ Ke7 41. Rb8 Nd6 42. Ba4 Rg4 43. Bd1 Rc4 44. Rxc4 Nxc4 45. Rb7 Kd6 46. Ba4 Nxb2 47. Rxb2 f5 48. Rh2 Rh7 49. Rf2 f4 50. Bc2 Rf7 51. Ba4 e4 52. Rh2 Rf6 53. Bb5 f3 54. Rd2 e3 55. Rh2 f2 56. Rh1 Rg6 57. Ba4 d4 58. Bc2 Rg1+ 59. Rxg1 fxg1=Q+ 60. Kxg1 Kxc6 61. Kf1 Kc5 62. Ke2 Kc4 63. Bd3+ Kc3 64. Be4 h5 65. Bd3 h4 66. Bf5 Kc4 67. Bd3+ Kd5 68. Kf3 Kc5 69. Bf1 Kb4 70. Ke2 Kc3 71. Kf3 Kd2 72. Ke4 e2 73. Bxe2 Kxe2 74. Kxd4 h3 75. Ke4 h2 76. Ke5 h1=Q 77. Kd4 Qd1+ 78. Ke5 Ke3 79. Kf5 Qd4 80. Ke6 Ke4 81. Ke7 Kf5 82. Kf8 Qd6+ 83. Kf7 Qe6+ 84. Kf8 Qd6+ 85. Kf7 Qd7+ 86. Kf8 Ke6 87. Kg8 Kf6 88. Kh8 Qg7# {0-} 0-1

[Event "45th FIDE Womens Olympiad 2024"]
[Site "Budapest"]
[Date "2024.09.19"]
[Round "8.29"]
[White "Unuk, Laura"]
[Black "Zhu, Jiner"]
[Result "0-1"]
[ECO "A30"]
[WhiteElo "2316"]
[BlackElo "2487"]
[Annotator "TA"]
[PlyCount "64"]
[EventDate "2024.09.05"]
[EventType "team-tourn"]
[EventCountry "HUN"]
[SourceTitle "playchess.com"]
[Source "ChessBase"]
[SourceQuality "1"]
[WhiteTeam "Slovenia"]
[BlackTeam "China"]
[WhiteTeamCountry "SLO"]
[BlackTeamCountry "CHN"]
[TimeControl "40/5400+30:1800+30"]

1. Nf3 Nf6 2. g3 b6 3. Bg2 Bb7 4. O-O e6 5. c4 c5 6. b3 Be7 7. Bb2 O-O 8. e3 d6 9. Qe2 Nbd7 10. Ne1 Bxg2 11. Nxg2 d5 {[%emt 0:00:35] The position is equal.} 12. f4 a6 13. g4 {[%emt 0:07:29][%cal Bg3g4,Bg4g5][%mdl 32] [#]} b5 $1 14. g5 Ne8 15. d3 Nd6 16. Nd2 f5 (16... a5 $11) 17. e4 (17. cxd5 $14 exd5 18. Rac1) 17... bxc4 (17... fxe4 $11 18. Rad1 (18. dxe4 d4 $11) 18... bxc4 19. bxc4 d4 20. Nxe4 Re8) 18. exd5 (18. bxc4 fxe4 19. cxd5 (19. dxe4 Rb8 $15) 19... exd5 20. dxe4 d4 $11) 18... exd5 19. Qe6+ (19. Rae1 $14 Re8 20. Qe6+ (20. bxc4 Bf6 $11) 20... Kh8 21. Qxd5 (21. bxc4 d4 $16)) 19... Rf7 $11 20. Qxd5 Nb6 21. Qe6 (21. Qxc5 $2 Nb5 22. Qe5 c3 (22... cxd3 23. a4 $11) (22... Qxd3 23. Nxc4 Nxc4 24. bxc4 $15) 23. Bxc3 Bd6 $19 (23... Qxd3 24. Ba5 $16)) 21... cxd3 22. Rf3 (22. Rad1 $11) 22... c4 $1 $17 {[%emt 0:05:24] Strongly threatening ...Qc8.} 23. bxc4 {[%emt 0:07:40] White does not recover from this.} (23. Ne3 $17) 23... Na4 $19 24. Bd4 {[%emt 0:02:00] [#]} Ne4 $1 25. Nb3 (25. Rxd3 $2 {perishes.} Nac5 26. Be3 Nxe6 $19) 25... Nac5 $36 {[%emt 0:03:26][%mdl 2048] Black is in control.} 26. Qe5 {[%emt 0:00:50][%cal Rb3c5] [#]} d2 $1 {[%emt 0:02:35] ...Bd6 would now be deadly. Chess con chili.} 27. Rd1 (27. Ne3 Nd3) 27... Nxb3 28. Rxb3 (28. axb3 $17 Bd6 29. Qe6) 28... Rc8 29. Ne3 Bd6 30. Qe6 Bc5 31. Bxc5 Nxc5 ({Not} 31... Rxc5 32. Nd5 Kf8 (32... Rxc4 $2 {is the wrong capture.} 33. Rb7 $18) 33. Qxa6 $11) 32. Rxd2 $2 (32. Qd5 Nxb3 33. axb3 Qxd5 34. Nxd5) 32... Nxe6 {[%emt 0:00:17] Weighted Error Value: White=0.64/Black=0.27 (precise) .  Mistake:       	White=6     	Black=3      Inaccurate:     	White=1     	Black=3      OK:         	White=4     	Black=8      Best:        	---       	Black=4      Strong:       	---       	Black=1} 0-1

[Event "45th FIDE Womens Olympiad 2024"]
[Site "Budapest"]
[Date "2024.09.19"]
[Round "8.29"]
[White "Yavo Tchetche, Marie"]
[Black "Spinola, Divania"]
[Result "1-0"]
[ECO "D02"]
[WhiteElo "1686"]
[BlackElo "1583"]
[PlyCount "115"]
[EventDate "2024.09.05"]
[EventType "team-tourn"]
[EventCountry "HUN"]
[WhiteTeam "Cote d/^Ivoire"]
[BlackTeam "Cape Verde"]
[TimeControl "40/5400+30:1800+30"]

1. d4 d5 2. Nf3 Nf6 3. Bf4 Bf5 4. e3 h6 5. Bd3 Bd7 6. h3 e6 7. O-O Be7 8. Nbd2 O-O 9. c4 c5 10. Rc1 Na6 11. a3 Qa5 12. cxd5 exd5 13. Bxa6 Qxa6 14. dxc5 Rac8 15. b4 Ba4 16. Nb3 Rfd8 17. Nfd4 Kf8 18. Re1 Ne4 19. f3 Nf6 20. Qe2 Qxe2 21. Rxe2 a6 22. Ree1 Nh5 23. Bh2 Bh4 24. Re2 Bf6 25. g4 Bxd4 26. Nxd4 Nf6 27. Nf5 g6 28. Nd6 Rc7 29. Be5 Ke7 30. Nf5+ Ke6 31. Bxc7 Rd7 32. Nd4+ Ke7 33. Be5 Ng8 34. Bh2 Nf6 35. Rb2 g5 36. Nf5+ Ke8 37. Nxh6 Nh7 38. Rd2 Bb5 39. e4 d4 40. Nf5 d3 41. Nd6+ Ke7 42. Nxb5 axb5 43. Rcd1 Nf6 44. Rxd3 Ke6 45. Rxd7 Nxd7 46. Rxd7 Kxd7 47. f4 f6 48. Kf2 Ke6 49. Ke3 Kf7 50. Kd4 Ke6 51. f5+ Kd7 52. e5 fxe5+ 53. Kxe5 Ke7 54. f6+ Kf7 55. Kf5 Kf8 56. Kg6 Ke8 57. f7+ Kf8 58. Bd6# 1-0

[Event "45th FIDE Womens Olympiad 2024"]
[Site "Budapest"]
[Date "2024.09.19"]
[Round "8.30"]
[White "Guo, Qi"]
[Black "Urh, Zala"]
[Result "1-0"]
[ECO "E46"]
[WhiteElo "2367"]
[BlackElo "2251"]
[Annotator "RC"]
[PlyCount "75"]
[EventDate "2024.09.05"]
[EventType "team-tourn"]
[EventCountry "HUN"]
[SourceTitle "playchess.com"]
[Source "ChessBase"]
[SourceQuality "1"]
[WhiteTeam "China"]
[BlackTeam "Slovenia"]
[WhiteTeamCountry "CHN"]
[BlackTeamCountry "SLO"]
[TimeControl "40/5400+30:1800+30"]

1. d4 Nf6 2. c4 e6 3. Nc3 Bb4 4. e3 O-O 5. Nge2 c6 6. a3 Ba5 7. b4 Bc7 8. d5 exd5 9. cxd5 Qe7 10. Bb2 Be5 11. g3 cxd5 12. Bg2 d6 13. O-O Bg4 14. h3 Be6 15. Qd3 Nbd7 16. f4 Bxc3 17. Bxc3 Nb6 18. g4 Bd7 19. Ng3 Rfe8 20. Rfe1 Ne4 21. Nh5 Nxc3 22. Qxc3 f5 23. gxf5 Bxf5 24. Qd4 Qf7 25. Ng3 Kh8 26. a4 Be4 27. Nxe4 dxe4 28. a5 Nd7 29. Bxe4 Nf6 30. Bg2 Rac8 31. Qxa7 Rc2 32. Qxb7 Qg6 33. Qf3 Ne4 34. a6 h5 35. a7 Rf2 36. Qxe4 Rxe4 37. a8=Q+ Re8 38. Qd5 1-0

[Event "45th FIDE Womens Olympiad 2024"]
[Site "Budapest"]
[Date "2024.09.19"]
[Round "8.31"]
[White "Janzelj, Lara"]
[Black "Ni, Shiqun"]
[Result "0-1"]
[ECO "D73"]
[WhiteElo "2193"]
[BlackElo "2348"]
[Annotator "TA"]
[PlyCount "68"]
[EventDate "2024.09.05"]
[EventType "team-tourn"]
[EventCountry "HUN"]
[SourceTitle "playchess.com"]
[Source "ChessBase"]
[SourceQuality "1"]
[WhiteTeam "Slovenia"]
[BlackTeam "China"]
[WhiteTeamCountry "SLO"]
[BlackTeamCountry "CHN"]
[TimeControl "40/5400+30:1800+30"]

1. Nf3 d5 2. g3 g6 3. Bg2 Bg7 4. d4 Nf6 5. c4 dxc4 6. Qa4+ Nbd7 7. Qxc4 Nb6 8. Qb3 Be6 9. Qd1 {[%emt 0:00:18] The position is equal.} O-O 10. Nc3 Nbd5 11. Ng5 Nxc3 $1 12. bxc3 Bd5 13. f3 (13. O-O $11) 13... Bc4 $17 14. Qc2 (14. e4 $142) 14... c5 $1 15. O-O (15. Bb2 $17) 15... Nd5 (15... cxd4 $19 {Strongly threatening ...d3.} 16. Rd1 Nd5 17. Rxd4 Rc8 (17... Bxd4+ $2 18. cxd4 Rc8 19. Qd2 $19)) 16. Kh1 (16. dxc5 $17 Qa5 (16... Bxc3 17. Bb2 $17) 17. Kh1) 16... cxd4 $19 17. cxd4 Bxd4 $2 {[%emt 0:00:56] [#]} ({Black should play} 17... Rc8 $19 18. Qb2 Qb6) 18. Rb1 {[%emt 0:04:44] Now White is beyond hope.} ({White has to play} 18. Qxc4 $15 Bxa1 19. Qh4) 18... Rc8 19. Bb2 {[%emt 0:08:36] Prevents Nc3} (19. Bh3) 19... e5 (19... Bxa2 $2 20. Qa4 Bxb2 (20... Bxb1 21. Qxd4 $15) 21. Rxb2 $19) 20. Bxd4 exd4 21. h4 Ne3 22. Qd2 Nxf1 23. Bxf1 b5 24. Rd1 Qc7 25. Kg2 Qe5 26. Ne4 Kg7 27. h5 gxh5 28. Qb2 Rfd8 29. e3 Bxf1+ 30. Kxf1 Rc4 31. Qh2 dxe3 32. Re1 Rxe4 {[%emt 0:00:52] Black mates.} 33. fxe4 Qf6+ 34. Kg1 Rd2 {[%emt 0:00:04] Weighted Error Value: White=0.88/Black=0.18 (very precise) .  Mistake:       	White=6     	Black=2      Inaccurate:     	White=2     	---        OK:         	White=4     	Black=11     Strong:       	---       	Black=1} 0-1

[Event "45th FIDE Womens Olympiad 2024"]
[Site "Budapest"]
[Date "2024.09.19"]
[Round "8.31"]
[White "Gba, Zotta Marcelle Auror"]
[Black "Almeida, Jacira Laura"]
[Result "0-1"]
[ECO "C53"]
[WhiteElo "1427"]
[BlackElo "1616"]
[PlyCount "96"]
[EventDate "2024.09.05"]
[EventType "team-tourn"]
[EventCountry "HUN"]
[WhiteTeam "Cote d/^Ivoire"]
[BlackTeam "Cape Verde"]
[TimeControl "40/5400+30:1800+30"]

1. e4 e5 2. Nf3 Nc6 3. Bc4 Bc5 4. c3 a6 5. a3 d6 6. h3 Be6 7. Ba2 Nf6 8. d3 O-O 9. O-O Bxa2 10. Rxa2 h6 11. Nbd2 d5 12. exd5 Qxd5 13. c4 Qe6 14. Re1 Rad8 15. b4 Ba7 16. Bb2 Rxd3 17. Nxe5 Nxe5 18. Rxe5 Qd7 19. Ba1 Re8 20. Rxe8+ Nxe8 21. Qe2 Qd8 22. Nf1 Rd7 23. Rd2 Rxd2 24. Nxd2 c6 25. c5 Bb8 26. Nf3 Bc7 27. Nd4 Nf6 28. Nf5 Qe8 29. Qxe8+ Nxe8 30. g4 Kh7 31. Ne3 g5 32. a4 Kg6 33. Nc4 f5 34. gxf5+ Kxf5 35. Ne3+ Kf4 36. Kg2 h5 37. Bd4 Ke4 38. Nc2 Kd3 39. Ne3 Kxd4 40. Kf3 a5 41. Nc2+ Kc3 42. Ne3 axb4 43. Nd1+ Kd2 44. Nb2 Nf6 45. Nc4+ Kc3 46. Ne3 Bf4 47. Ng2 Bc1 48. Ke2 b3 {0-} 0-1

[Event "45th FIDE Womens Olympiad 2024"]
[Site "Budapest"]
[Date "2024.09.19"]
[Round "8.32"]
[White "Lu, Miaoyi"]
[Black "Vidic, Teja"]
[Result "1-0"]
[ECO "A13"]
[WhiteElo "2438"]
[BlackElo "2128"]
[Annotator "TA"]
[PlyCount "61"]
[EventDate "2024.09.05"]
[EventType "team-tourn"]
[EventCountry "HUN"]
[SourceTitle "playchess.com"]
[Source "ChessBase"]
[SourceQuality "1"]
[WhiteTeam "China"]
[BlackTeam "Slovenia"]
[WhiteTeamCountry "CHN"]
[BlackTeamCountry "SLO"]
[TimeControl "40/5400+30:1800+30"]

1. Nf3 d5 2. e3 Nf6 3. c4 e6 4. b3 c5 5. Bb2 Nc6 6. cxd5 exd5 7. Be2 Bd6 8. O-O O-O 9. d4 cxd4 10. Nxd4 Bc7 11. Nd2 Qd6 ({Black should play} 11... Re8 $11) 12. N2f3 $14 {[%emt 0:00:20] Strongly threatening Nb5.} Ne5 {[%emt 0:00:38] White is slightly better.} 13. Rc1 Bd7 14. Rc2 {[%emt 0:13:45] [#] Hoping for Nxe5.} Rfc8 15. Qa1 Nfg4 16. Nxe5 Qxe5 17. Nf3 Qf5 18. Rd2 Re8 (18... Nf6 $16) 19. Bxg7 $18 f6 {[%emt 0:06:11] [#]} 20. h3 $1 Kxg7 (20... Qg6 {was called for.}) 21. hxg4 Qxg4 (21... Qe6 {was necessary.} 22. Rfd1 Bc6) 22. Rxd5 {[%emt 0:00:15] aiming for Nd4.} Qe6 23. Bc4 Qe7 24. Rh5 h6 25. Qd4 {[%emt 0:00:17] Repels Bg4} b5 $2 (25... Rad8 {is a better defense.} 26. Bb5 (26. Qxa7 Bg4 $18) 26... Be5 27. Nxe5 (27. Qxa7 $2 Bxb5 28. Re1 Qf7 $19) 27... fxe5) 26. Bd3 Bb6 $2 (26... Rad8 27. Bxb5 (27. Qxa7 $2 {perishes.} Bg4 $19) 27... Be5) 27. Qf4 {[%emt 0:00:14] White is clearly winning.} Bxe3 28. fxe3 Qxe3+ 29. Qxe3 Rxe3 30. Bxb5 Kg6 31. Rd5 {[%emt 0:00:42] Weighted Error Value: White=0.24 (precise) /Black=0.64.  Mistake:       	---       	Black=6      Inaccurate:     	White=2     	Black=2      OK:         	White=7     	Black=6      Best:        	White=3     	Black=1      Strong:       	White=1     	---} 1-0

[Event "45th FIDE Womens Olympiad 2024"]
[Site "Budapest"]
[Date "2024.09.19"]
[Round "8.33"]
[White "Mammadzada, Gunay"]
[Black "Brunello, Marina"]
[Result "1/2-1/2"]
[ECO "D30"]
[WhiteElo "2433"]
[BlackElo "2348"]
[Annotator "ChessBase"]
[PlyCount "133"]
[EventDate "2024.09.05"]
[EventType "team-tourn"]
[EventCountry "HUN"]
[SourceTitle "playchess.com"]
[Source "ChessBase"]
[SourceQuality "1"]
[WhiteTeam "Azerbaijan"]
[BlackTeam "Italy"]
[WhiteTeamCountry "AZE"]
[BlackTeamCountry "ITA"]
[TimeControl "40/5400+30:1800+30"]

1. d4 d5 2. c4 e6 3. Nf3 h6 4. g3 Nf6 5. Bg2 Bd6 6. O-O O-O 7. Qc2 b6 8. Nbd2 Bb7 9. cxd5 exd5 10. Nh4 Re8 11. Ndf3 c5 12. Nf5 Bf8 13. Bf4 Nc6 14. a3 Rc8 15. Rad1 Na5 16. Rfe1 Ba6 17. Bf1 Ne4 18. Qb1 c4 19. Qc2 c3 20. Ne5 f6 21. Ng6 Bc4 22. Qc1 Bb3 23. Rd3 cxb2 24. Qxb2 Rc2 25. Qb1 Nc3 26. Rxc3 Rxc3 27. Nxf8 Bc2 28. Qb2 Rc6 29. Ne3 Rxe3 30. Bxe3 Kxf8 31. Rc1 Be4 32. Rxc6 Nxc6 33. Qb5 Qd7 34. f3 Bf5 35. Bf2 Na5 36. Qb4+ Qe7 37. Qc3 Kf7 38. e3 Bb1 39. Bb5 Bf5 40. g4 Bd7 41. Bd3 Qd6 42. Kg2 Qc6 43. Qb4 Nb7 44. Bg3 a5 45. Qb3 Nd6 46. e4 Be6 47. e5 Nc4 48. exf6 Kxf6 49. Kf2 Bd7 50. h4 b5 51. h5 Kf7 52. Bb1 Qf6 53. Qd3 Kf8 54. Kg2 Be6 55. Ba2 Bf7 56. Qc3 Be8 57. Bxc4 bxc4 58. Bc7 a4 59. Qb4+ Kg8 60. Be5 Qf7 61. Kg3 Qd7 62. f4 Qc8 63. Qe7 Qd7 64. Qc5 Qc6 65. Qe7 Qd7 66. Qc5 Qc6 67. Qe7 1/2-1/2

[Event "45th FIDE Womens Olympiad 2024"]
[Site "Budapest"]
[Date "2024.09.19"]
[Round "8.33"]
[White "Al Aisaee, Anat"]
[Black "Magne Kouokam Sylviane"]
[Result "1-0"]
[ECO "C62"]
[WhiteElo "1608"]
[BlackElo "1587"]
[PlyCount "111"]
[EventDate "2024.09.05"]
[EventType "team-tourn"]
[EventCountry "HUN"]
[WhiteTeam "Oman"]
[BlackTeam "Cameroon"]
[WhiteTeamCountry "OMN"]
[BlackTeamCountry "CAM"]
[TimeControl "40/5400+30:1800+30"]

1. e4 e5 2. Nf3 Nc6 3. Bb5 d6 4. O-O Be7 5. d4 exd4 6. Nxd4 Bd7 7. Nxc6 bxc6 8. Bd3 Nf6 9. Nd2 O-O 10. h3 c5 11. b3 Bc6 12. Bb2 d5 13. Re1 d4 14. Nc4 Nd7 15. Na5 Nb8 16. Nxc6 Nxc6 17. e5 f5 18. Bc4+ Kh8 19. Qf3 Nb4 20. Re2 c6 21. Rd1 Rc8 22. a3 Nd5 23. Rd3 Bg5 24. Rd1 Nf4 25. Ree1 Qe7 26. Bc1 Ng6 27. Bxg5 Qxg5 28. Qg3 Qe7 29. e6 Qf6 30. Qd6 Qg5 31. Kh1 Nf4 32. Bf1 Qh6 33. a4 Rfe8 34. Qxc5 Nxe6 35. Qxa7 Qf4 36. Kg1 c5 37. Qd7 Qc7 38. Bb5 Rcd8 39. Qxc7 Nxc7 40. Bxe8 Nxe8 41. a5 h6 42. Re5 Rc8 43. Rxf5 Nd6 44. Rd5 Nb5 45. Rd7 Re8 46. Kf1 Ra8 47. Ra1 Kh7 48. a6 Kg6 49. a7 Nxa7 50. Raxa7 Rg8 51. Rac7 Kf5 52. Rxg7 Rxg7 53. Rxg7 Ke4 54. Ke2 Kd5 55. Kd3 Kc6 56. f4 1-0